 Dungeon Crawl Stone Soup version 0.22.0-16-gc6d26f6 (webtiles) character file.

235 chlorine the Archer (level 5, -1/41 HPs)
             Began as a Centaur Hunter on Aug 16, 2018.
             Was an Initiate of Gozag.
             Shot with an arrow by a centaur (13 damage)
             ... on level 4 of the Dungeon on Aug 17, 2018.
             The game lasted 00:22:19 (3922 turns).

chlorine the Archer (Centaur Hunter)                Turns: 3922, Time: 00:22:19

Health: -1/41      AC:  4    Str: 15    XL:     5   Next: 76%
Magic:  5/5        EV:  9    Int: 10    God:    Gozag
Gold:   276        SH:  0    Dex: 10    Spells: 4/4 levels left

rFire    . . .     SeeInvis .   a - +2 shortbow
rCold    . . .     Gourm    .   (shield currently unavailable)
rNeg     . . .     Faith    .   c - +0 leather armour
rPois    .         Spirit   .   (no helmet)
rElec    .         Reflect  .   (no cloak)
rCorr    .         Harm     .   (no gloves)
MR       .....                  (no barding)
Stlth    +.........             (no amulet)
HPRegen  0.13/turn              (no ring)
MPRegen  0.09/turn              (no ring)

@: gold aura, very quick
A: large, hooves 3, deformed body, speed 2, tough skin 3
a: Potion Petition, Call Merchant, Bribe Branch, Renounce Religion


You were on level 4 of the Dungeon.
You worshipped Gozag.
Gozag was aware of your devotion.
You were not hungry.

You visited 1 branch of the dungeon, and saw 4 of its levels.

You collected 290 gold pieces.
You paid 14 gold pieces to Gozag.

Inventory:

Hand Weapons
 a - a +2 shortbow (weapon)
 b - a +0 short sword
 q - a +3 dagger
 z - a +0 dagger
Missiles
 d - 18 arrows (quivered)
 h - 170 stones
Armour
 c - a +0 leather armour (worn)
 m - a +0 leather armour
 n - a +0 leather armour
 p - a +3 chain mail of fire resistance
 s - a +0 pair of gloves
 w - a +0 animal skin
 x - a +0 helmet
 F - a +0 cloak
Jewellery
 r - a cursed -4 ring of evasion {unknown}
 B - a +5 ring of dexterity {unknown}
 G - an uncursed ring of stealth {unknown}
Scrolls
 e - a scroll of enchant weapon
 i - 3 scrolls of identify
 j - a scroll of immolation {unknown}
 t - a scroll of amnesia
 y - a scroll of teleportation {unknown}
 A - a scroll of fog {unknown}
 D - a scroll of remove curse {unknown}
 E - a scroll of blinking {unknown}
Potions
 g - a potion of resistance {unknown}
 k - 3 potions of curing
 l - 2 potions of lignification
 o - 2 potions of brilliance {unknown}
 u - a potion of cancellation {unknown}
 v - a potion of haste {unknown}
 C - a potion of heal wounds {unknown}
Comestibles
 f - 3 rations


   Skills:
 - Level 2.0 Fighting
 + Level 9.3 Bows
 - Level 1.3 Dodging
 - Level 0.4 Stealth


You had 4 spell levels left.
You didn't know any spells.
Your spell library contained the following spells:

 Spells                   Type           Power        Failure   Level  Hunger
 Summon Small Mammal      Summ           #...         43%         1    ##.....
 Summon Ice Beast         Ice/Summ       #.......     99%         4    #####..
 Call Imp                 Summ           #.......     56%         2    ###....
 Call Canine Familiar     Summ           #.......     80%         3    ####...
 Summon Lightning Spire   Summ/Air       #.......     99%         4    #####..
 Summon Guardian Golem    Hex/Summ       #.......     80%         3    ####...


Dungeon Overview and Level Annotations

Branches:
Dungeon (4/15)
 Temple: D:4-7

Altars:
Cheibriados
Elyvilon
Fedhas
Gozag
Makhleb
Zin


Innate Abilities, Weirdness & Mutations

You have hooves in place of feet.
Armour fits poorly on your strangely shaped body.
You cover ground very quickly.
You have extremely tough skin. (AC +3)


Message History

The arrow barely misses the centaur.
The adder bites you.
Firing (i - inventory. (/) - cycle)
d - 21 arrows (quivered)
Press: ? - help, Shift-Dir - straight line, f - adder, p - centaur
Aim: an adder You shoot an arrow.
The arrow hits the adder!
The adder is almost dead.
The adder bites you.
Firing (i - inventory. (/) - cycle)
d - 20 arrows (quivered)
Press: ? - help, Shift-Dir - straight line, f/p - adder
Aim: an adder (almost dead)
You shoot an arrow. The arrow barely misses the adder.
The adder bites you.
* * * LOW HITPOINT WARNING * * *
Firing (i - inventory. (/) - cycle)
d - 19 arrows (quivered)
Press: ? - help, Shift-Dir - straight line, f/p - adder
Aim: an adder (almost dead)
You shoot an arrow. The arrow hits the adder.
You kill the adder!
The centaur shoots an arrow.
The arrow hits you!
You die...
Your body crumbles into a pile of gold. ..( .......(<. ..( ###..#.### #. ... #. ... #. #.# .PPP. #. #(# #.PcP. #. #(# # PP_P ..###.## #c# PPP

.......####$# P
#....@.# #.######
#.###############
#...............#
#.#############.#
#.# #.# #.# #.#
..# #.# .## #.#


You could see a centaur.

Vanquished Creatures
  A hound (D:3)
  Terence (D:1)
  Natasha (thrice) (D:3)
  Robin (D:2)
  3 adders
  2 dart slugs
  2 leopard geckos
  2 orcs
  3 bats
  2 giant cockroaches
  11 goblins
  7 hobgoblins
  10 jackals (D:2)
  3 kobolds
  5 rats
56 creatures vanquished.

Notes
Turn   | Place    | Note
-------+----------+-------------------------------------------
     0 | D:1      | chlorine the Centaur Hunter began the quest for the Orb.
     0 | D:1      | Reached XP level 1. HP: 17/17 MP: 1/1
   504 | D:2      | Reached XP level 2. HP: 24/24 MP: 2/2
   513 | D:2      | Noticed Terence
   564 | D:1      | Killed Terence
   564 | D:1      | Reached skill level 6 in Bows
   564 | D:1      | Reached XP level 3. HP: 17/29 MP: 3/3
  1012 | D:2      | Reached skill level 7 in Bows
  1156 | D:2      | Found an opulent altar of Gozag.
  1156 | D:2      | Found a white marble altar of Elyvilon.
  1157 | D:2      | Found a glowing silver altar of Zin.
  1167 | D:2      | Became a worshipper of Gozag Ym Sagoz the Greedy
  1262 | D:2      | Noticed Robin
  1294 | D:2      | Killed Robin
  1294 | D:2      | Reached XP level 4. HP: 4/36 MP: 4/4
  2052 | D:3      | Reached skill level 8 in Bows
  2134 | D:3      | Noticed Natasha
  2143 | D:3      | Killed Natasha
  2143 | D:3      | Reached XP level 5. HP: 31/41 MP: 5/5
  2356 | D:3      | Found a snail-covered altar of Cheibriados.
  2570 | D:3      | Noticed Natasha
  2602 | D:3      | Killed Natasha
  2794 | D:3      | Upgraded the game from 0.22.0-13-g43fe8f2 to 0.22.0-16-gc6d26f6
  2813 | D:3      | Noticed Natasha
  2833 | D:3      | Killed Natasha
  2833 | D:3      | Reached skill level 9 in Bows
  3095 | D:3      | Found a burning altar of Makhleb.
  3263 | D:4      | Found a blossoming altar of Fedhas.
  3263 | D:4      | Noticed a centaur
  3922 | D:4      | Shot with an arrow by a centaur

Skill      XL: |  1  2  3  4  5 |
---------------+----------------+-----
Bows           | 6 7 8 9 |  9.3
Fighting       | |  2.0
Dodging        | |  1.3
Stealth        | |  0.4

Action                   |  1- 3 |  4- 6 || total
-------------------------+-------+-------++-------
Melee: Short sword       |    87 |    50 ||   137
       Kick              |    10 |    13 ||    23
 Fire: Shortbow          |    27 |    53 ||    80
Throw: Stone             |     1 |     1 ||     2
  Use: Scroll            |       |     4 ||     4
  Eat: Ration            |       |     2 ||     2
       Chunk             |       |     1 ||     1
Armor: Leather armour    |    31 |    16 ||    47
Dodge: Dodged            |    49 |    27 ||    76
